Map: 环轨星港

Players

平步青云 - Winner!

  • Race: Terran Terran

电脑难度(艰难)

  • Race: Zerg Zerg

VOD

Have the link to the VOD?

Description

Time

  • Played on: Jan. 1, 2016, 3:25 a.m.
  • Length: 8:01
Show
View Real Time Build Order
Export as new Build Order

平步青云 Terran - Winner!

Build Orders:  

Get SALT Encoding   

  12  0:00  SCV  
  13  0:13  SCV  
  14  0:22  Supply Depot  
  14  0:25  SCV  
  15  0:44  SCV  
  15  0:46  Barracks  
  16  0:56  SCV, Refinery  
  17  1:08  SCV  
  18  1:20  SCV  
  19  1:31  Barracks  
  19  1:34  SCV, Supply Depot  
  20  1:45  Marine  
  20  1:46  SCV  
  22  1:59  Orbital Command  
  22  2:03  Marine  
  23  2:18  Refinery, Bunker  
  23  2:22  Reaper  
  24  2:27  Marine  
  25  2:39  SCV  
  26  2:45  Marine  
  26  2:48  Supply Depot  
  26  2:51  SCV  
  28  2:53  Factory  
  28  2:54  Reaper  
  29  3:03  Marine  
  29  3:17  Bunker  
  29  3:21  Marine  
  29  3:26  Marine  
  31  3:38  Marine  
  32  3:43  Marine  
  33  3:53  Bunker  
  33  3:56  Marine  
  33  4:01  Marine  
  35  4:07  SCV  
  35  4:09  Factory Reactor  
  36  4:14  Marine  
  37  4:19  SCV, Supply Depot, Marine  
  39  4:41  Supply Depot, Marine  
  39  4:44  Bunker  
  40  4:52  Barracks Tech Lab  
  40  4:58  Marine  
  41  5:02  Hellion x2  
  45  5:26  Command Center  
  45  5:36  Marauder  
  45  5:37  Concussive Shells  
  47  5:58  Marine  
  47  6:01  Marauder  
  50  6:12  Hellion x2  
  50  6:15  Supply Depot  
  50  6:16  Marine  
  55  6:23  Starport  
  55  6:28  Factory  
  55  6:37  Supply Depot, Marauder  
  57  6:59  Supply Depot  
  57  7:06  Marine x2  
  59  7:24  Marauder  
  59  7:31  Marine  
  59  7:33  Hellion x2  
  64  7:44  SCV  
  67  7:45  SCV  
Show
View Real Time Build Order
Export as new Build Order

电脑难度(艰难) Zerg 

Build Orders: Hatch First 

Get SALT Encoding   

  12  0:00  Drone  
  13  0:12  Overlord  
  13  0:17  Drone  
  14  0:30  Drone x2  
  14  0:34  Drone  
  17  0:53  Hatchery  
  17  0:56  Drone  
  17  1:12  Spawning Pool  
  17  1:13  Drone  
  17  1:16  Drone  
  18  1:20  Extractor  
  18  1:21  Drone  
  18  1:28  Overlord  
  18  1:38  Drone  
  19  1:59  Zergling x2  
  19  2:00  Queen, Zergling x2  
  23  2:02  Roach Warren  
  23  2:04  Drone  
  23  2:07  Extractor  
  22  2:10  Drone  
  23  2:23  Drone  
  23  2:27  Lair  
  24  2:57  Extractor, Zergling x2  
  24  3:03  Drone  
  24  3:06  Extractor, Zergling x2  
  24  3:10  Drone  
  24  3:14  Zergling x2  
  25  3:24  Zergling x2  
  25  3:28  Hydralisk Den  
  25  3:29  Drone  
  25  3:33  Zergling x2  
  25  3:42  Drone  
  25  3:43  Zergling x2  
  26  3:49  Drone x2, Overlord  
  26  3:52  Zergling x2  
  28  3:57  Hydralisk  
  28  4:00  Baneling Nest  
  28  4:03  Zergling x2  
  28  4:04  Lurker Den  
  29  4:11  Zergling x2  
  29  4:17  Drone  
  30  4:19  Drone  
  30  4:20  Zergling x2  
  31  4:27  Drone  
  32  4:37  Zergling x2  
  29  4:40  Spire  
  29  4:42  Zergling x2  
  29  4:48  Zergling x2  
  29  4:53  Drone  
  29  4:54  Baneling  
  29  4:56  Overlord, Drone  
  31  5:10  Zergling x2  
  31  5:14  Drone  
  31  5:15  Zergling x2  
  31  5:20  Drone  
  32  5:21  Baneling  
  32  5:24  Drone  
  32  5:27  Zergling x2  
  34  5:30  Overlord  
  34  5:34  Zergling x2  
  34  5:36  Drone  
  34  5:41  Zergling x2  
  36  5:47  Zergling x2  
  37  5:53  Zergling x2  
  36  5:59  Baneling  
  36  6:04  Overlord, Zergling x2  
  36  6:09  Mutalisk  
  37  6:16  Zergling x2  
  38  6:22  Baneling  
  38  6:27  Overlord, Zergling x2  
  39  6:33  Drone, Zergling x2  
  39  6:35  Drone  
  39  6:38  Drone  
  39  6:39  Zergling x2  
  43  6:44  Mutalisk  
  41  6:50  Mutalisk  
  41  6:53  Hydralisk  
  41  6:59  Overlord, Mutalisk  
  44  7:05  Zergling x2  
  44  7:17  Overlord, Hydralisk  
  44  7:18  Hydralisk  
  44  7:19  Hydralisk  
  46  7:24  Hydralisk Den  
  46  7:25  Zergling x2  
  41  7:30  Zergling x2  
  27  7:45  Baneling  
  27  7:46  Drone  
Tags
 
Add a new tag
Caveats
  • Supply blocks, unpowered buildings, or Contaminate may cause inaccurate times.
  • Supply counts are checked every 10 seconds.